Map: Prion Terraces

Players

MarinPro - Winner!

  • Race: Terran Terran
  • League: Platinum

LilDicky

  • Race: Terran Terran
  • League: Diamond

VOD

http://www.twitch.tv/tumescentpie

Description

Time

  • Played on: Nov. 23, 2015, 11:15 a.m.
  • Length: 19:41
Show
View Real Time Build Order
Export as new Build Order

MarinPro Terran - Winner!

Build Orders: Liberator Opening, Reaper Expand 

Get SALT Encoding   

  12  0:02  SCV  
  14  0:14  SCV  
  14  0:18  Supply Depot  
  14  0:26  SCV  
  15  0:40  SCV  
  15  0:41  Barracks  
  16  0:45  Refinery  
  16  0:52  SCV  
  17  1:04  SCV  
  18  1:16  SCV  
  19  1:29  Orbital Command  
  19  1:30  Reaper  
  20  1:41  Command Center  
  20  1:47  Refinery  
  20  1:56  Supply Depot  
  20  1:57  SCV  
  21  2:09  SCV  
  21  2:12  Barracks Reactor  
  22  2:20  Factory  
  22  2:21  SCV  
  23  2:34  SCV  
  23  2:58  SCV, Marine  
  24  2:59  Marine  
  24  3:05  Orbital Command  
  26  3:11  SCV  
  27  3:21  Factory Tech Lab  
  27  3:24  SCV, Starport  
  27  3:32  SCV  
  27  3:34  Marine x2  
  28  3:36  SCV  
  28  3:39  Supply Depot  
  31  3:42  Siege Tank  
  31  3:44  SCV  
  35  3:49  SCV  
  35  3:52  Marine x2  
  35  3:54  Liberator  
  38  3:57  SCV  
  39  4:03  Supply Depot  
  39  4:08  Engineering Bay  
  39  4:09  Marine  
  39  4:10  Marine  
  39  4:13  SCV  
  39  4:14  SCV, Siege Tank  
  49  4:25  SCV  
  49  4:27  SCV, Marine  
  49  4:29  Marine  
  53  4:32  Supply Depot  
  53  4:37  SCV  
  54  4:39  SCV  
  54  4:40  Missile Turret  
  54  4:43  Missile Turret  
  54  4:45  Marine  
  55  4:46  Liberator  
  55  4:47  Marine  
  55  4:48  Siege Tank  
  55  4:49  SCV  
  55  4:52  SCV  
  62  4:53  Missile Turret  
  61  5:03  Marine  
  61  5:04  Marine  
  65  5:21  Marine  
  66  5:27  SCV  
  67  5:30  SCV  
  67  5:33  Refinery  
  67  5:34  Refinery  
  68  5:37  Command Center  
  68  5:39  SCV, Marine  
  70  5:47  Supply Depot  
  70  5:48  Supply Depot  
  70  5:50  Missile Turret  
  69  6:01  Siege Tank  
  67  6:08  Marine x2  
  64  6:26  Marine x2  
  62  6:35  Missile Turret  
  61  6:42  SCV x2  
  62  6:54  SCV x2  
  57  7:06  SCV x2  
  57  7:07  Hellion  
  60  7:18  SCV x2  
  62  7:28  Hellion  
  59  7:30  SCV  
  59  7:44  Barracks  
  59  7:48  SCV  
  59  7:49  Barracks x3  
  59  7:50  Hellion  
  62  8:08  SCV x2  
  62  8:11  Hellion  
  66  8:18  Barracks  
  66  8:19  Barracks  
  61  8:20  SCV x2  
  60  8:29  Command Center  
  60  8:33  Hellion  
  60  8:38  Barracks Tech Lab  
  60  8:40  Barracks Tech Lab  
  58  8:49  Barracks Reactor  
  58  8:53  Terran Infantry Weapons Level 1, Missile Turret  
  58  8:54  Hellion  
  60  8:56  Refinery  
  60  9:00  SCV x2  
  62  9:08  Barracks Reactor  
  62  9:09  Barracks Reactor, Combat Shields  
  62  9:10  Stimpack  
  62  9:12  SCV x2  
  62  9:13  Marine  
  62  9:14  Marine x3  
  70  9:19  Missile Turret  
  70  9:22  Starport  
  70  9:28  Siege Tank  
  70  9:29  Marine x2  
  73  9:31  Marine x2  
  73  9:32  Marine x2  
  77  9:40  Missile Turret  
  77  9:41  Planetary Fortress  
  77  9:42  Missile Turret  
  77  9:44  Marine  
  77  9:45  Marine x2  
  80  9:47  Marine x2  
  80  9:49  Marine  
  71  10:00  Siege Tank  
  71  10:01  Marine x3  
  71  10:02  Viking  
  71  10:03  Missile Turret  
  71  10:06  Marine x2  
  75  10:15  Marine x3  
  75  10:16  Marine x2  
  75  10:19  Marine x2  
  75  10:20  Marauder  
  81  10:24  Marine x2  
  81  10:26  SCV x2  
  85  10:32  Viking, Siege Tank  
  85  10:34  Marauder  
  82  10:51  Marine x3  
  82  10:56  SCV  
  82  10:57  SCV  
  85  11:05  Marine x5  
  85  11:06  Siege Tank, Marine  
  85  11:07  Starport Reactor  
  85  11:10  Terran Infantry Armor Level 1  
  94  11:13  Armory  
  94  11:15  Engineering Bay  
  94  11:16  Marine x2  
  94  11:17  Barracks  
  96  11:20  Marine x2  
  96  11:23  Marine x2  
  100  11:27  Marine x2  
  100  11:28  Marine, Marauder  
  100  11:32  Refinery  
  105  11:33  Refinery  
  105  11:34  Refinery  
  105  11:35  Refinery, Orbital Command  
  105  11:38  Marauder  
  107  11:42  Barracks  
  107  11:43  Supply Depot  
  107  11:44  Supply Depot  
  107  11:47  Marine  
  107  11:49  Supply Depot, Siege Tank, Marine x5  
  116  12:01  Barracks  
  116  12:05  Supply Depot, Marauder x2, Medivac x2  
  116  12:06  Supply Depot x2  
  116  12:07  Supply Depot  
  124  12:08  Supply Depot  
  124  12:09  Supply Depot, Marine  
  124  12:10  Supply Depot  
  113  12:25  Marine x3  
  113  12:27  Marauder x2  
  117  12:35  Medivac x2  
  121  12:44  Marine x3  
  121  12:45  Marine x3  
  118  13:05  Marine x3  
  99  13:22  Marine x3  
  87  13:27  Marine x2  
  87  13:28  Marauder  
  76  13:44  Marine x4  
  76  13:45  Marine x6  
  85  13:49  Marine  
  85  13:52  Siege Tank  
  88  14:00  Medivac x2  
  88  14:02  Marine x5  
  95  14:03  Marine x5  
  95  14:07  Marine  
  101  14:20  Marine x4  
  95  14:25  Siege Tank, Marine x3  
  95  14:26  Marauder x2, Marine x2  
  95  14:30  Medivac  
  109  14:36  Starport  
  109  14:37  Marine x2  
  109  14:38  Marine  
  112  14:47  Marauder  
  112  14:48  Marine, Marauder  
  112  14:49  Marine x3  
  120  14:57  Siege Tank  
  123  15:04  Marine x4  
  123  15:05  Marine  
  123  15:06  Marine x2, Medivac x2  
  134  15:09  Barracks Reactor, Marauder x2  
  134  15:10  Barracks Reactor, Terran Infantry Weapons Level 2  
  134  15:11  Terran Vehicle And Ship Armor Level 1, Terran Infantry Armor Level 2  
  138  15:17  Orbital Command  
  138  15:29  Siege Tank  
  138  15:30  Marauder  
  137  15:36  Medivac  
  127  15:45  Marine x4  
  127  15:46  Marine x5  
  128  15:53  Marine x3  
  128  15:54  Marine x2  
  133  16:01  Siege Tank  
  135  16:08  Marine x3  
  136  16:12  Marine x2  
  136  16:13  Marine  
  137  16:33  Siege Tank  
  137  16:34  Marine x2  
  137  16:35  Marine x3  
  145  16:43  Marine  
  145  16:44  Marine x3  
  143  16:50  Marine x3  
  143  16:51  Marine x2  
  148  16:59  Marine x3  
  148  17:00  Marine x2  
  148  17:01  Medivac x2  
  157  17:02  Marauder, Marine  
  157  17:05  Siege Tank  
  160  17:09  Marine x2, Marauder  
  160  17:10  Marine x3  
  167  17:19  Marine x2  
  160  17:23  Marauder  
  155  17:30  Medivac  
  155  17:31  Marauder  
  155  17:36  Marine x3  
  162  17:44  Marine  
  162  17:45  Marauder, Marine  
  160  17:52  Marauder  
  160  17:54  Marine x2  
  160  17:55  Marine x3  
  159  18:01  Marine x3  
  159  18:02  Marine x4  
  159  18:03  Marine  
  150  18:06  Marauder  
  150  18:12  Marine x3  
  138  18:13  Marauder, Marine x2  
  138  18:19  Marine x3  
  144  18:20  Siege Tank  
  144  18:25  Medivac x2  
  151  18:28  Marauder  
  153  18:35  Marauder  
  153  18:49  Marauder  
  153  18:52  Siege Tank  
  153  18:55  Medivac x2  
  162  19:01  Marine x5  
  162  19:02  Marine x2  
  169  19:05  Command Center  
  169  19:16  Marine x2  
  171  19:19  Marine x3  
  171  19:20  Marine x5  
  171  19:23  Marine x5  
Show
View Real Time Build Order
Export as new Build Order

LilDicky Terran 

Build Orders: Banshee Rush 

Get SALT Encoding   

  12  0:01  SCV  
  13  0:13  SCV  
  14  0:17  Supply Depot  
  14  0:25  SCV  
  15  0:31  Refinery  
  15  0:39  SCV  
  16  0:45  Barracks  
  16  0:51  SCV  
  17  1:03  SCV  
  18  1:15  SCV  
  19  1:28  SCV  
  19  1:31  Reaper  
  21  1:40  Orbital Command  
  21  1:45  Command Center  
  21  1:55  Supply Depot  
  21  2:02  Refinery  
  21  2:04  Reaper  
  21  2:07  SCV  
  23  2:19  SCV, Factory  
  24  2:39  Marine  
  24  2:44  SCV  
  24  2:49  Supply Depot  
  24  2:56  SCV  
  25  2:59  Marine  
  25  3:02  Orbital Command  
  26  3:05  Factory Tech Lab  
  26  3:08  SCV  
  26  3:09  Starport  
  26  3:20  SCV  
  26  3:25  Marine  
  28  3:32  SCV  
  29  3:34  SCV  
  29  3:36  Engineering Bay  
  29  3:37  Widow Mine  
  29  3:39  Supply Depot  
  32  3:42  Marine  
  32  3:45  SCV  
  32  3:46  SCV  
  35  3:57  SCV, Cloaking Field, Banshee  
  35  3:58  SCV  
  41  4:07  Factory Tech Lab  
  41  4:08  Barracks Reactor  
  40  4:15  Missile Turret  
  40  4:16  SCV  
  41  4:17  SCV  
  41  4:19  Supply Depot  
  42  4:28  SCV  
  42  4:30  Siege Tank  
  46  4:31  SCV  
  46  4:34  Refinery  
  47  4:40  SCV  
  47  4:43  Banshee, SCV  
  52  4:46  Marine x2  
  52  4:50  Supply Depot  
  54  4:52  SCV  
  54  4:55  SCV  
  56  5:05  SCV  
  57  5:08  SCV  
  57  5:18  Siege Tank  
  57  5:19  Marine  
  57  5:20  SCV, Marine  
  63  5:26  SCV, Banshee  
  67  5:31  Command Center, Refinery  
  67  5:33  Supply Depot  
  67  5:37  Marine x2  
  67  5:39  SCV  
  70  5:50  Siege Tank  
  70  5:55  SCV  
  67  6:09  Viking  
  60  6:22  SCV x2, Siege Tank  
  62  6:38  SCV  
  62  6:39  Banshee  
  63  6:48  Marine x2  
  63  6:55  Siege Tank  
  63  6:58  SCV x2  
  59  7:06  Marine  
  59  7:10  SCV x2  
  59  7:15  Marine  
  56  7:22  Viking  
  58  7:24  Marine  
  54  7:42  Marine x2  
  54  7:43  Siege Tank  
  55  7:47  Starport  
  55  7:50  Starport  
  55  7:52  Viking  
  48  8:07  Marine x2  
  50  8:17  SCV x2  
  49  8:28  Siege Tank  
  49  8:29  SCV x2  
  49  8:30  Starport Reactor x2  
  50  8:35  Planetary Fortress  
  50  8:41  SCV x2  
  51  8:46  Banshee  
  55  8:53  SCV x2  
  55  8:55  Barracks x2  
  57  8:57  Barracks, Marine x2  
  57  8:58  Barracks  
  59  9:05  SCV x2, Refinery x2  
  61  9:15  Command Center  
  61  9:17  SCV x2, Viking  
  61  9:19  Viking x2  
  69  9:28  Missile Turret  
  69  9:29  SCV x2  
  71  9:35  Banshee  
  71  9:38  SCV  
  75  9:41  SCV  
  75  9:42  SCV  
  77  9:50  SCV  
  74  9:53  SCV  
  74  9:54  SCV  
  74  9:55  Missile Turret  
  70  10:02  SCV  
  70  10:06  SCV x2  
  73  10:09  Refinery  
  73  10:14  Siege Tank  
  76  10:15  Viking x2  
  76  10:17  Banshee  
  76  10:21  SCV  
  84  10:23  Marine  
  84  10:24  Marine  
  84  10:25  Barracks Tech Lab x2, Marine x2  
  84  10:27  SCV x2  
  84  10:41  Marine x2  
  84  10:44  SCV x2  
  84  10:46  Viking, Siege Tank  
  84  10:58  Orbital Command  
  84  11:00  Banshee, Refinery  
  84  11:01  SCV x3  
  87  11:07  Marine x6  
  89  11:13  SCV  
  89  11:15  Viking x2  
  89  11:17  Command Center  
  89  11:18  Siege Tank  
  97  11:24  Marine x2  
  97  11:25  Marine  
  100  11:26  Missile Turret  
  100  11:27  Viking  
  100  11:31  SCV x3  
  100  11:32  Marine x2  
  105  11:33  Marine  
  105  11:34  Stimpack  
  105  11:37  Combat Shields  
  105  11:39  SCV  
  109  11:42  Marine  
  109  11:43  Banshee, SCV  
  114  11:58  SCV  
  114  11:59  SCV  
  116  12:05  SCV x2  
  116  12:08  Liberator x3  
  118  12:09  Liberator  
  118  12:10  Refinery  
  118  12:11  SCV  
  106  12:23  Siege Tank  
  106  12:24  Refinery  
  106  12:26  Banshee  
  124  12:37  Missile Turret  
  124  12:49  Missile Turret  
  124  12:53  Liberator  
  124  12:54  Liberator x2  
  124  12:55  Siege Tank  
  100  13:09  Banshee  
  105  13:20  SCV x2  
  97  13:27  Siege Tank  
  83  13:53  Banshee, Viking x2  
  82  13:59  Siege Tank  
  82  14:02  Orbital Command  
  69  14:25  SCV  
  69  14:26  SCV x2  
  69  14:28  Marine x6  
  69  14:29  Command Center  
  69  14:30  Terran Infantry Weapons Level 1  
  78  14:34  Armory x2  
  78  14:35  Engineering Bay  
  79  14:38  SCV x4  
  82  14:45  Marine  
  82  14:46  Marine x4  
  82  14:50  SCV x3  
  82  14:51  SCV  
  91  14:53  Siege Tank  
  91  14:54  Marine  
  91  14:59  Medivac  
  97  15:01  Medivac  
  97  15:02  SCV  
  97  15:03  Marine  
  97  15:04  Command Center, Marine x4  
  97  15:05  Medivac x2  
  97  15:06  Banshee  
  112  15:07  SCV x2  
  112  15:12  Marine  
  112  15:13  Terran Infantry Armor Level 1  
  115  15:15  SCV  
  115  15:21  Marine  
  115  15:22  Marine x2  
  100  15:40  Barracks Reactor  
  100  15:42  Medivac x2  
  95  15:43  Medivac x2  
  95  15:44  Marine x5  
  100  15:51  SCV x2  
  100  15:52  SCV x2  
  104  16:02  Marine x2  
  106  16:07  SCV x4  
  102  16:12  Command Center  
  102  16:14  Marine  
  102  16:15  Marine x2  
  102  16:17  Marine x2  
  103  16:20  Marine x2  
  103  16:22  SCV x2  
  104  16:32  Marine  
  101  16:33  Marauder  
  101  16:45  Marine x5  
  91  16:48  Viking  
  91  16:49  Viking x3  
  91  16:52  Siege Tank  
  102  16:54  Marauder  
  104  17:03  Marine  
  104  17:04  Marine x2  
  104  17:05  Marine x2  
  106  17:08  Marine  
  102  17:16  Marauder  
  102  17:21  Marine  
  105  17:26  Marine  
  99  17:32  Marine x2  
  99  17:33  Marine  
  79  17:37  Marauder  
  79  17:39  Marine  
  82  17:50  SCV x2  
  80  17:59  Marauder  
  78  18:10  Marine x2  
  79  18:20  Marauder  
  79  18:21  SCV  
  79  18:26  SCV  
  84  18:27  Missile Turret  
  83  18:34  SCV  
  83  18:37  Orbital Command  
  84  18:41  Marauder  
  86  18:56  Marine x2  
  86  18:57  Marine x2  
  86  19:04  Marine x2  
  85  19:14  Marine x2  
Tags
 
Add a new tag
Caveats
  • Supply blocks, unpowered buildings, or Contaminate may cause inaccurate times.
  • Supply counts are checked every 10 seconds.